 Dungeon Crawl Stone Soup version 0.18.1-48-g4cf74bf (webtiles) character file.

143 Alarkh the Shooter (level 5, 0/38 HPs)
             Began as a Mummy Hunter on Aug 17, 2016.
             Slain by a centaur (2 damage)
             ... on level 3 of the Dungeon.
             The game lasted 00:04:15 (2689 turns).

Alarkh the Shooter (Mummy Hunter)                   Turns: 2689, Time: 00:04:16

Health: 0/38       AC:  7    Str: 15    XL:     5   Next: 4%
Magic:  5/5        EV: 11    Int: 11    God:
Gold:   73         SH:  0    Dex: 13    Spells: 0 memorised, 4 levels left

rFire  x . .     SeeInvis .     a - +1 shortbow
rCold  + . .     Gourm    .     h - +3 leather armour
rNeg   + + +     Faith    .     (shield currently unavailable)
rPois  ∞         Spirit   .     l - +0 helmet (curse)
rElec  .         Dismiss  .     (no cloak)
rCorr  .         Reflect  .     (no gloves)
SustAt +         Harm     .     (no boots)
MR     .....                    (no amulet)
Stlth  ++........               g - ring of stealth
                                j - ring of sustain attributes

@: not resistant to hostile enchantments, unstealthy
A: no food or potions, fire vulnerability, cold resistance 1, negative energy
resistance 3, torment resistance, unbreathing
a: no special abilities


You were on level 3 of the Dungeon.
You were not hungry.

You visited 1 branch of the dungeon, and saw 4 of its levels.

You collected 73 gold pieces.

Inventory:

Hand Weapons
 a - a +1 shortbow (weapon)
 b - a +0 mace
 m - a +1 mace of holy wrath
Missiles
 d - 7 arrows (quivered)
Armour
 c - a +0 leather armour
 h - a +3 leather armour (worn)
 l - a cursed +0 helmet (worn)
Magical Staves
 k - an uncursed staff of air
Jewellery
 g - a ring of stealth (right hand)
 j - a ring of sustain attributes (left hand)
Scrolls
 e - 3 scrolls of identify
 i - a scroll of remove curse


   Skills:
 - Level 2.0 Fighting
 + Level 5.3 Bows
 - Level 1.5 Dodging
 - Level 0.7 Stealth


You had 4 spell levels left.
You didn't know any spells.

Dungeon Overview and Level Annotations

Branches:
Dungeon (4/15)
 Temple: D:4-7

Altars:
Sif Muna

Annotations:
D:3 exclusion: door
D:4 TBriggs11TB's ghost, amateur MiFi


Innate Abilities, Weirdness & Mutations

You do not eat or drink.
Your flesh is vulnerable to fire.
You are immune to poison.
Your flesh is cold resistant.
You are immune to negative energy.
You are immune to unholy pain and torment.
You can survive without breathing.


Message History

The hobgoblin barely misses you. The giant frog hits you.
* * * LOW HITPOINT WARNING * * *
Firing (i - inventory):
d - 9 arrows (quivered)
Press: ? - help, Shift-Dir - straight line, f - centaur
Aim: a centaur (heavily wounded)
You shoot an arrow. The arrow hits the centaur!
The centaur is almost dead.
The bat hits you but does no damage. The centaur completely misses you.
The giant frog hits you but does no damage.
The hobgoblin hits you but does no damage.
The bat closely misses you.
The centaur hits you but does no damage.
Firing (i - inventory):
d - 8 arrows (quivered)
Press: ? - help, Shift-Dir - straight line, f/p - centaur
Aim: a centaur (almost dead)
You shoot an arrow. The arrow barely misses the centaur.
The bat barely misses you. The giant frog hits you!
* * * LOW HITPOINT WARNING * * *
The centaur hits you.
You die...

..........# #.....
.........># #.....
.........#
######.....
........###...#......
#....).##...........
#......#............
#..bb..#............
#.g.F..#.......[....
..#
###@#####...........
....###c#
##.>.#..<### #.....##
##..##### #
#......### #..## #
##.....(.# #.## #
#......(###.##### ##.
#.......##......##.#.
#...(...##.#.......##
######.....#.....###


You could see a giant frog, a centaur, a hobgoblin and 2 bats.

Vanquished Creatures
  A water moccasin skeleton (D:3)
  Robin (D:1)
  2 adders (D:2)
  A giant gecko (D:1)
  6 bats
  A giant cockroach (D:1)
  14 goblins
  12 hobgoblins
  8 jackals
  A giant gecko skeleton (D:3)
  2 giant newts
  5 kobolds
  3 rats
57 creatures vanquished.

Notes
Turn   | Place    | Note
--------------------------------------------------------------
     0 | D:1      | Alarkh the Mummy Hunter began the quest for the Orb.
     0 | D:1      | Reached XP level 1. HP: 16/16 MP: 1/1
   184 | D:1      | Reached XP level 2. HP: 15/22 MP: 2/2
   392 | D:1      | Reached skill level 4 in Bows
   747 | D:1      | Reached XP level 3. HP: 27/27 MP: 3/3
  1223 | D:2      | Noticed Robin
  1447 | D:1      | Killed Robin
  1649 | D:2      | Reached XP level 4. HP: 23/33 MP: 4/4
  1970 | D:3      | Found a deep blue altar of Sif Muna.
  2067 | D:3      | Noticed a centaur
  2571 | D:3      | Reached skill level 5 in Bows
  2571 | D:3      | Reached XP level 5. HP: 28/38 MP: 5/5
  2653 | D:4      | Noticed TBriggs11TB's ghost (amateur MiFi)
  2689 | D:3      | Slain by a centaur

Skill      XL: |  1  2  3  4 |
---------------+-------------+-----
Bows           | 4 5 |  5.3
Fighting       | |  2.0
Dodging        | |  1.5
Stealth        | |  0.7

Action                   |  1- 3 |  4- 6 || total
-------------------------+-------+-------++-------
Melee: Short sword       |    26 |       ||    26
       Mace              |    82 |    76 ||   158
 Fire: Shortbow          |    41 |    11 ||    52
  Use: Scroll            |     4 |     2 ||     6
 Stab: Sleeping          |       |     2 ||     2
Armor: Leather armour    |    72 |    67 ||   139
Dodge: Dodged            |    99 |   102 ||   201
